 Dungeon Crawl Stone Soup version 0.17-a0-2073-gde5cdba (webtiles) character file.

55 4thArraOfDagon the Ruffian (level 3, -1/31 HPs)
             Began as a Troll Enchanter on Oct 14, 2015.
             Slain by an ogre
             ... wielding a +0 giant spiked club
              (32 damage)
             ... on level 4 of the Dungeon.
             The game lasted 00:02:13 (316 turns).

4thArraOfDagon the Ruffian (Troll Enchanter)         Turns: 316, Time: 00:02:14

Health: -1/31      AC:  6    Str: 16    XL:     3   Next: 67%
Magic:  2/3        EV:  9    Int: 12    God:
Gold:   6          SH:  0    Dex: 10    Spells: 1 memorised, 3 levels left

rFire  . . .     SeeInvis .       - Unarmed
rCold  . . .     Clarity  .     b - +1 robe
rNeg   . . .     SustAt   .     (no shield)
rPois  .         Gourm    +     (helmet restricted)
rElec  .         Spirit   .     (no cloak)
rCorr  .         Warding  .     (gloves unavailable)
rMut   .         Stasis   .     (boots unavailable)
MR     .....                    (no amulet)
Stlth  +.........               (no ring)
                                (no ring)

@: not resistant to hostile enchantments, very unstealthy
A: unfitting armour, claws 3, fast metabolism 3, gourmand, regeneration 2,
shaggy fur 1, tough skin 2
a: no special abilities


You were on level 4 of the Dungeon.
You were very full.

You visited 1 branch of the dungeon, and saw 5 of its levels.

You collected 6 gold pieces.

Inventory:

Hand Weapons
 a - a +1 dagger
Armour
 b - a +1 robe (worn)
Scrolls
 e - a scroll of recharging {unknown}
 g - a scroll of amnesia {unknown}
 h - a scroll of teleportation {unknown}
Potions
 i - a potion of invisibility {unknown}
Books
 c - a book of Maledictions

   Spells                             Type                      Level
   a - Corona                         Hexes                        1
   b - Ensorcelled Hibernation        Hexes/Ice                    2
   c - Confuse                        Hexes                        3
   d - Tukima's Dance                 Hexes                        3
   e - Dazzling Spray                 Conjuration/Hexes            3
Comestibles
 d - 2 bread rations
 f - a meat ration


   Skills:
 - Level 0.7 Short Blades
 - Level 1.5 Dodging
 - Level 1.7 Stealth
 * Level 3.4 Unarmed Combat
 - Level 1.2 Spellcasting
 - Level 2.0 Hexes


You had 3 spell levels left.
You knew the following spells:

 Your Spells              Type           Power        Failure   Level  Hunger
a - Corona                Hex            #......      14%         1    ##.....


Dungeon Overview and Level Annotations

Branches:
Dungeon (5/15)
 Temple: D:4-7

Altars:
Nemelex Xobeh
The Shining One

Annotations:
D:4 Pikel
D:5 Eustachio


Innate Abilities, Weirdness & Mutations

You are too large for most types of armour.
You have claws for hands.
Your metabolism is lightning-fast.
You like to eat raw meat.
You heal very quickly.
You are covered in fur (AC +1).
You have very tough skin (AC +2).


Message History

You open the door.
An ogre comes into view. It is wielding a giant spiked club.
A quokka skeleton comes into view.
The ogre shouts!
The ogre barely misses you.
There is an open door here.
Casting: Corona
Confirm with . or Enter, or press ? or * to list all spells.
Aiming: Corona
Press: ? - help, Shift-Dir - straight line, f - ogre
Aim: an ogre, wielding a giant spiked club (chance to defeat MR: 38%)
The ogre is outlined in light.
The ogre barely misses you.
Unknown command.
You scratch the ogre.
The ogre is lightly wounded.
You scratch the ogre.
The ogre is moderately wounded.
The ogre hits you with a giant spiked club!!
Ouch! That really hurt!
You die...

# # .#. #.# #+## #.# #...#
#.#### #..... ### #.##.##
#......
..#########.#...####.......
................@O.Z.......
..#########.#...####.......
...# #.##.## #...... ...##
#.#### #..... ....# #.#
#...# ....# #.# #+## ....#
#.. ###.# ### #.#


You could see an ogre and a quokka skeleton.

Vanquished Creatures
  A hound (D:4)
  An adder (D:4)
  A giant cockroach (D:4)
  2 hobgoblins (D:1)
  2 jackals (D:2)
  A bat (D:1)
  A giant gecko (D:4)
  A giant newt (D:4)
  A goblin (D:1)
  A rat (D:3)
12 creatures vanquished.

Notes
Turn   | Place    | Note
--------------------------------------------------------------
     0 | D:1      | 4thArraOfDagon the Troll Enchanter began the quest for the Orb.
     0 | D:1      | Reached XP level 1. HP: 16/16 MP: 1/1
    56 | D:1      | Found a glowing golden altar of the Shining One.
    72 | D:1      | Reached skill level 1 in Unarmed Combat
   140 | D:4      | Noticed a hound
   153 | D:4      | Killed a hound
   153 | D:4      | Reached skill level 3 in Unarmed Combat
   153 | D:4      | Reached XP level 2. HP: 18/24 MP: 2/2
   153 | D:4      | Reached XP level 3. HP: 23/31 MP: 3/3
   168 | D:4      | Noticed a slave
   169 | D:4      | Noticed a slave
   185 | D:4      | :(
   237 | D:5      | Entered Level 5 of the Dungeon
   237 | D:5      | Noticed Eustachio
   258 | D:4      | Noticed a slave
   283 | D:4      | Found a sparkling altar of Nemelex Xobeh.
   284 | D:4      | Noticed Pikel
   294 | D:4      | :(
   309 | D:4      | Noticed an ogre
   316 | D:4      | Slain by an ogre

Vault maps used:
D:1:      tarquinn_simple_flora_water_c, tso_metal_star
D:3:      forest_paths, nicolae_ashenzari_panopticon,
          nicolae_overflow_hidden_temple, first_bread, kennysheep_flooded_box
D:4:      nicolae_overflow_crystal_walls, hangedman_minor_gate_pass, uniq_robin,
          uniq_pikel, uniq_edmund
D:5:      uniq_crazy_yiuf_cottage, uniq_eustachio, uniq_duvessa, uniq_sigmund,
          uniq_menkaure

Action                   || total
-------------------------++-------
Melee: Unarmed           ||    47
 Cast: Corona            ||     1
  Use: Scroll            ||     1
  Eat: Chunk             ||     6
